 Dungeon Sprint DCSS version 0.29-a0-668-g12ee2bf84d (webtiles) character file.

Game seed: 8664711228947593316

0 shadowstone the Covered (level 1, 0/14 HPs)
             Began as a Gargoyle Fighter on June 23, 2022.
             Slain by an iguana (9 damage)
             ... in the Dungeon (Sprint VI: "Thunderdome").
             The game lasted 00:02:01 (56 turns).

shadowstone the Covered (Gargoyle Fighter)            Turns: 56, Time: 00:02:02

Health: 0/14       AC:  9    Str: 19    XL:     1   Next: 20%
Magic:  1/1        EV:  9    Int:  8    God:
Gold:   200        SH:  0    Dex:  9    Spells: 0/0 levels left

rFire   . . .      SeeInvis .     - Unarmed
rCold   . . .      Faith    .   b - +0 buckler
rNeg    + . .      Spirit   .   a - +0 scale mail
rPois   ∞          Reflect  .   (no helmet)
rElec   +          Harm     .   (no cloak)
rCorr   .          Rampage  .   (no gloves)
Will    .....      NoTele   +   (no boots)
Stlth   ..........              (no amulet)
HPRegen 0.04/turn               (no ring)
MPRegen 0.07/turn               (no ring)

@: confused
A: sickness immunity, AC +2, negative energy resistance 1, electricity
resistance, torment resistance 1, petrification resistance
a: no special abilities


You were in the Dungeon.
You visited 1 branch You collected 200 gold pieces.

Inventory:

Armour
 a - a +0 scale mail (worn)
 b - a +0 buckler (worn)
Wands
 j - a wand of iceblast (5)
 k - a wand of quicksilver (5)
Scrolls
 i - 4 scrolls of blinking
 l - 3 scrolls of fog
Potions
 c - a potion of might
 d - a potion of curing
 e - 4 potions of heal wounds
 f - 4 potions of haste
 g - 2 potions of magic
 h - a potion of berserk rage
 m - a potion of resistance


   Skills:
 + Level 3.5 Fighting
 + Level 3.5 Armour
 + Level 3.5 Shields
 + Level 2.0 Unarmed Combat


You couldn't memorise any spells.
You didn't know any spells.
Your spell library was empty.

Dungeon Overview and Level Annotations

Branches:
Dungeon (1/1)

Altars:
Gozag
Kikubaaqudgha
Ru
Trog
Zin
The Shining One
Beogh

Shops:
D ??:(

Annotations:
D Sigmund


Innate Abilities, Weirdness & Mutations

You are immune to sickness and miasma.
Your stone body is resilient. (AC +2)
You are immune to poison.
You resist negative energy. (rN+)
You are resistant to electric shocks. (rElec)
You are resistant to unholy torment.
You are immune to petrification.


Message History

Things that are here:
a +0 short sword; a kobold corpse
Okay, then.
Okay, then.
Sorry, you're not good enough to have a special ability.
Okay, then.
Press: ? - help, v - describe, . - travel, g - get item
Items here: a +0 short sword; a kobold corpse.
The floor.
There are no items here.
You are already empty-handed.
Nothing quivered!
Nothing quivered!
A hobgoblin comes into view.
Sigmund the Dreaded comes into view.
He is wielding a +0 scythe.
Sigmund drinks a potion.
Sigmund flickers and vanishes!
Deactivating autopickup; reactivate with Ctrl-A.
Found an opulent altar of Gozag.
You are confused.
An iguana comes into view.
You're too confused to move!
The iguana hisses angrily.
You're too confused to move!
You feel less confused. 50...
A puff of flame appears from out of thin air!
The puff of flame hits you.
There is an entrance to Pin Wowo's Magic Scroll Shop here.
You hit the iguana but do no damage.
The iguana bites you but does no damage.
You barely miss the iguana. You block the iguana's attack.
You hear some strange, mumbled words.
You are confused.
You're too confused to move!
The iguana bites you. Something hits you but does no damage.
The iguana closely misses you. Something hits you.
You closely miss the iguana. The iguana bites you!
Ouch! That really hurt!
You die...

##### ##⌠⌠⌠## #.....#
##.....## ##∩.....∩##
#∩.......∩#
#_l@....._#
#.........#
#.......)_#
###.........###
#⌠...........⌠#
#.8.........8.###
_......###......___
.g...8.# #.8.......
........###..........


You could see an iguana and a hobgoblin (wandering).

Vanquished Creatures
  A kobold (D)
1 creature vanquished.

Notes
Turn   | Place    | Note
-------+----------+-------------------------------------------
     0 | D        | shadowstone the Gargoyle Fighter began the quest for the
                  | Orb.
     0 | D        | Reached XP level 1. HP: 14/14 MP: 1/1
     4 | D        | Found an ancient bone altar of Kikubaaqudgha.
     4 | D        | Found a glowing silver altar of Zin.
     5 | D        | Round 1.
     6 | D        | Found a sacrificial altar of Ru.
     6 | D        | Found a glowing golden altar of the Shining One.
     9 | D        | Found Kishrab's Staff Store.
     9 | D        | Found Pin Wowo's Magic Scroll Shop.
    10 | D        | Found Joumoido's Must-Have Magic.
    10 | D        | Found Vidaokh's Magic Scroll Shop.
    12 | D        | Found a bloodstained altar of Trog.
    38 | D        | Noticed Sigmund
    40 | D        | Found an opulent altar of Gozag.
    43 | D        | Noticed an iguana
    56 | D        | Slain by an iguana

Illustrated notes

Levels and vault maps discovered:
D:        arena_sprint

Action                   || total
-------------------------++-------
Melee: Unarmed           ||     6
Armor: Scale mail        ||     2
Dodge: Dodged            ||     1
Block: Buckler           ||     2

Table legend: (Time is in decaauts)
 A = Elapsed time spent in this place.
 B = Non-inter-level travel time spent in this place.
 C = Inter-level travel time spent in this place.
 D = Time resting spent in this place.
 E = Time spent auto-exploring this place.
 F = Levels seen in this place.
 G = Mean time per level.
                   A        B        C        D        E       F      G
               +--------+--------+--------+--------+--------+-----+--------+
         Total |     56 |     54 |      2 |      0 |      0 |   1 |   56.0 |
       Dungeon |     56 |     54 |      2 |      0 |      0 |   1 |   56.0 |
               +--------+--------+--------+--------+--------+-----+--------+

Top non-repeatable levels by time:
       D: 56 daAuts
